 Dungeon Crawl Stone Soup version 0.27-a0-103-g6cd7b45605 (webtiles) character file.

Game seed: 14473527772789508792

7727 hehateme the Fighter (level 11, -5/105 HPs)
             Began as an Ogre Transmuter on Jan 22, 2021.
             Was an Elder of Uskayaw.
             Slain by an orc knight
             ... wielding a +3 great mace
              (23 damage)
             ... on level 11 of the Dungeon.
             The game lasted 00:32:23 (20407 turns).

hehateme the Fighter (Ogre Transmuter)             Turns: 20407, Time: 00:32:24

Health: -5/105     AC:  7    Str: 16    XL:     11   Next: 19%
Magic:  31/31      EV: 10    Int: 17    God:    Uskayaw [****..]
Gold:   633        SH:  0    Dex:  9    Spells: 10/25 levels left

rFire    . . .     SeeInvis +     - Unarmed
rCold    + + +     Faith    .   (shield currently unavailable)
rNeg     . . .     Spirit   .   s - +4 skin of Zhor {Englaciate rC+++ SInv}
rPois    .         Reflect  .   (helmet restricted)
rElec    .         Harm     .   (no cloak)
rCorr    .         Rampage  .   (gloves unavailable)
Will     +....                  (boots unavailable)
Stlth    ++........             e - amulet of magic regeneration
HPRegen  0.27/turn              v - ring of magical power {MP+9}
MPRegen  0.47/turn              Q - ring of stealth {Stlth+}

@: lethally poisoned (-5 -> -6), blade hands (expiring)
A: large, unfitting armour, frail 1, tough skin 1
a: End Transformation, Renounce Religion, Stomp, Line Pass


You were on level 11 of the Dungeon.
You worshipped Uskayaw.
Uskayaw was noncommittal.
You had blades for hands.
You visited 2 branches of the dungeon, and saw 12 of its levels.

You collected 633 gold pieces.

Inventory:

Hand Weapons
 y - the +9 trident of Pupam {drain, rF+ rC+ Str+4 Dex-4, unknown}
   (You found it on level 7 of the Dungeon)

   A truly terrible weapon, it drains the life of those it strikes.
   It affects your strength (+4).
   It affects your dexterity (-4).
   It protects you from fire.
   It protects you from cold.
Missiles
 b - 298 stones (quivered)
 c - 109 bolts
 l - 183 arrows
 o - 72 sling bullets
 r - 25 poisoned darts
 u - 8 boomerangs
Armour
 a - a +0 robe
 s - the +4 skin of Zhor (worn) {Englaciate rC+++ SInv}
   (You found it on level 5 of the Dungeon)

   It renders you almost immune to cold.
   It lets you see invisible.
Jewellery
 e - an amulet of magic regeneration (around neck)
 v - a ring of magical power (left scythe-like blade) {MP+9}
 Q - a ring of stealth (right scythe-like blade) {Stlth+}
Wands
 f - a wand of flame (22)
 q - a wand of polymorph (34)
 w - a wand of acid (6)
Scrolls
 g - 4 scrolls of amnesia
 j - 5 scrolls of enchant weapon
 k - 2 scrolls of fog
 p - 2 scrolls of enchant armour {unknown}
 z - a scroll of brand weapon
 A - a scroll of blinking {unknown}
 C - a scroll of torment {!r}
 D - 5 scrolls of remove curse
Potions
 d - 3 potions of attraction {!q}
 h - 2 potions of curing
 m - 2 potions of brilliance
 n - a potion of berserk rage {!q}
 t - 2 potions of ambrosia
 x - 3 potions of lignification {!q}
 B - a potion of haste


   Skills:
 + Level 10.1 Fighting
 - Level 1.7 Dodging
 * Level 7.5 Unarmed Combat
 - Level 7.7 Spellcasting
 * Level 9.6 Transmutations
 - Level 3.4 Ice Magic
 - Level 0.9 Poison Magic
 - Level 1.7 Invocations


You had 10 spell levels left.
You knew the following spells:

 Your Spells              Type           Power        Failure   Level
a - Beastly Appendage     Tmut           78%          9%          1
b - Wereblood             Tmut           39%          10%         2
c - Spider Form           Tmut/Pois      12%          28%         3
d - Ice Form              Ice/Tmut       28%          41%         4
x - Blade Hands           Tmut           19%          36%         5

Your spell library contained the following spells:

 Spells                   Type           Power        Failure   Level
 Ensorcelled Hibernation  Hex/Ice        24%          43%         2
 Apportation              Tloc           12%          47%         1
 Corona                   Hex            6%           47%         1
 Petrify                  Tmut/Erth      22%          56%         4
 Confusing Touch          Hex            6%           75%         3
 Dazzling Flash           Conj/Hex       12%          75%         3
 Gell's Gravitas          Tloc           3%           75%         3
 Lesser Beckoning         Tloc           3%           75%         3
 Tukima's Dance           Hex            6%           75%         3
 Alistair's Intoxication  Tmut/Pois      16%          77%         5
 Yara's Violent Unravell  Hex/Tmut       11%          80%         5
 Cause Fear               Hex            3%           96%         4
 Metabolic Englaciation   Hex/Ice        6%           98%         5
 Silence                  Hex/Air        3%           100%        5
 Invisibility             Hex            6%           100%        6
 Discord                  Hex            3%           100%        8


Dungeon Overview and Level Annotations

Branches:
Dungeon (11/15)            Temple (1/1) D:7
   Lair: D:8-11         Orc: D:9-12

Altars:
Ashenzari
Elyvilon
Makhleb
Nemelex Xobeh
Okawaru
Ru
Sif Muna
Uskayaw
Wu Jian
Yredelemnul
Zin

Annotations:
D:6 5 runed translucent doors
D:8 Gastronok


Innate Abilities, Weirdness & Mutations

You are too large for most types of armour.
You have tough skin. (AC +1)
You are frail. (-10% HP)


Message History

The orc knight jeers loudly.
The orc knight hits you with a +3 great mace.
* * * LOW HITPOINT WARNING * * *
Uskayaw will force your foes to share their pain.
You take 5 damage, and have 45/105 hp.
You slash the orc knight!
The orc knight hits you with a +3 great mace.
* * * LOW HITPOINT WARNING * * *
You take 3 damage, and have 42/105 hp.
You hit the orc knight.
You feel sick. The orc knight barely misses you.
You take 1 damage, and have 41/105 hp.
You hit the orc knight but do no damage.
You barely miss the orc knight.
The orc knight hits you with a +3 great mace!!
* * * LOW HITPOINT WARNING * * *
You take 24 damage, and have 17/105 hp.
GAME OVER YEAH!!
You barely miss the orc knight.
The orc knight hits you with a +3 great mace!!
You die...

###.###.÷...#
#.#####.#.#
#.........#
#######.###
#### #.# #...
#.# ## #.## #.#
####.# ####.#
#.# #..#o#
#....## #.#
#.#@# #.###.##
######)####.###
#.##
#.......##.#..#
###.
#.##.....#....#
##
...........>..#
#.
#.####.^##..###
#. # #..#####
#. ....# ### #.
###+## #.# #.

Skill      XL: |  1  2  3  4  5  6  7  8  9 10 11 |
---------------+----------------------------------+-----
Transmutations | 2 3 4 5 6 7 9 |  9.6
Fighting       | 2 3 4 5 6 8 9 10 | 10.1
Spellcasting   | 3 4 5 7 |  7.7
Ice Magic      | 1 2 3 |  3.4
Unarmed Combat | 3 5 7 |  7.5
Invocations    | 1 |  1.7
Dodging        | |  1.7
Poison Magic   | |  0.9

Notes
Turn   | Place    | Note
-------+----------+-------------------------------------------
     0 | D:1      | hehateme the Ogre Transmuter began the quest for the Orb.
     0 | D:1      | Reached XP level 1. HP: 19/19 MP: 3/3
   250 | D:1      | Reached skill level 2 in Transmutations
   618 | D:1      | Reached XP level 2. HP: 23/28 MP: 3/5
   658 | D:1      | HP: 7/28 [goblin/+0 club (4)]
   659 | D:1      | HP: 3/28 [goblin/+0 club (4)]
  1082 | D:1      | Reached skill level 2 in Fighting
  1199 | D:1      | Reached XP level 3. HP: 35/35 MP: 5/7
  1216 | D:1      | Learned a level 2 spell: Wereblood
  1542 | D:1      | Reached skill level 3 in Spellcasting
  2172 | D:2      | Learned a level 3 spell: Spider Form
  2548 | D:2      | Reached XP level 4. HP: 40/44 MP: 6/8
  2615 | D:2      | HP: 11/44 [hound (1)]
  2622 | D:2      | Reached skill level 3 in Transmutations
  3056 | D:3      | Reached skill level 3 in Fighting
  3862 | D:3      | Reached XP level 5. HP: 48/53 MP: 6/10
  4141 | D:3      | Learned a level 4 spell: Ice Form
  4651 | D:4      | Reached skill level 1 in Ice Magic
  4651 | D:4      | Reached XP level 6. HP: 55/62 MP: 8/11
  4666 | D:4      | Reached skill level 4 in Transmutations
  5072 | D:3      | Reached skill level 4 in Spellcasting
  5504 | D:3      | Reached skill level 4 in Fighting
  6349 | D:4      | Reached XP level 7. HP: 64/71 MP: 10/13
  6679 | D:5      | Entered Level 5 of the Dungeon
  6744 | D:5      | Found the +4 skin of Zhor {Englaciate rC+++ SInv}
  6831 | D:5      | Reached skill level 2 in Ice Magic
  6837 | D:5      | Reached skill level 5 in Fighting
  6837 | D:5      | Reached skill level 5 in Transmutations
  7223 | D:5      | Reached skill level 5 in Spellcasting
  7223 | D:5      | Reached XP level 8. HP: 53/80 MP: 12/15
  7387 | D:5      | Found a burning altar of Makhleb.
  7891 | D:5      | Reached skill level 3 in Ice Magic
  8095 | D:6      | Found a sacrificial altar of Ru.
  8159 | D:6      | Noticed Menkaure
  8506 | D:5      | Reached skill level 6 in Transmutations
  8523 | D:5      | Reached skill level 6 in Fighting
  9840 | D:6      | Found a runed translucent door.
 10313 | D:6      | Killed Menkaure
 10314 | D:6      | Reached skill level 3 in Unarmed Combat
 10568 | D:6      | Found a broken altar of Ashenzari.
 10746 | D:6      | Reached XP level 9. HP: 91/92 MP: 14/17
 10861 | D:6      | Noticed Duvessa
 10861 | D:6      | Noticed Dowan
 10877 | D:6      | Killed Duvessa
 10878 | D:6      | Reached skill level 6 in Spellcasting
 10879 | D:6      | Killed Dowan
 10941 | D:6      | Found a runed translucent gate.
 10944 | D:6      | Found a runed translucent gate.
 10944 | D:6      | Found a runed translucent gate.
 10952 | D:6      | Found a runed translucent door.
 10960 | D:6      | Found the +9 staff of Olgreb {rPois∞}
 11315 | D:7      | Reached skill level 4 in Unarmed Combat
 11320 | D:7      | Reached skill level 7 in Fighting
 11425 | D:7      | Found a staircase to the Ecumenical Temple.
 11434 | Temple   | Entered the Ecumenical Temple
 11447 | Temple   | Became a worshipper of Uskayaw the Reveller
 11516 | D:7      | Reached * piety under Uskayaw
 11519 | D:7      | Reached ** piety under Uskayaw
 11583 | D:7      | Gained mutation: You are frail. (-10% HP) [mutagenic glow]
 11855 | D:7      | Got a jewelled trident
 12076 | D:7      | Found an ornate altar of the Wu Jian Council.
 12080 | D:7      | Found a glowing silver altar of Zin.
 12964 | D:8      | Reached *** piety under Uskayaw
 12965 | D:8      | Reached **** piety under Uskayaw
 12966 | D:8      | Reached skill level 7 in Transmutations
 13098 | D:8      | Reached skill level 5 in Unarmed Combat
 13204 | D:8      | Found an iron altar of Okawaru.
 13264 | D:8      | Found a sparkling altar of Nemelex Xobeh.
 13440 | D:8      | Noticed Gastronok
 13468 | D:9      | Noticed a polar bear
 13490 | D:8      | HP: 17/83 [worker ant (5)]
 13495 | D:7      | HP: 16/83 [poisoned by a worker ant]
 13502 | D:7      | HP: 15/84 [poisoned by a worker ant]
 13509 | D:7      | HP: 14/84 [poisoned by a worker ant]
 13517 | D:7      | HP: 14/84 [poisoned by a worker ant]
 13969 | D:8      | Reached skill level 1 in Invocations
 14491 | D:9      | Reached skill level 7 in Spellcasting
 14501 | D:9      | Learned a level 5 spell: Blade Hands
 14537 | D:9      | Reached skill level 8 in Fighting
 14569 | D:8      | Killed a polar bear
 14570 | D:8      | Reached XP level 10. HP: 47/93 MP: 14/20
 15050 | D:9      | Reached skill level 8 in Transmutations
 15268 | D:8      | HP: 19/95 [orc warrior/+0 flail (10)]
 16332 | D:9      | Reached skill level 9 in Fighting
 16549 | D:10     | Entered Level 10 of the Dungeon
 16749 | D:10     | Reached skill level 6 in Unarmed Combat
 17025 | D:10     | HP: 19/96 [killer bee (7)]
 17028 | D:10     | Noticed Grum
 17037 | D:10     | HP: 19/96 [wolf[Grum] (8)]
 17048 | D:10     | HP: 13/96 [poisoned by Grum]
 17053 | D:10     | HP: 15/144 [poisoned by Grum]
 17058 | D:10     | HP: 12/144 [poisoned by Grum]
 17063 | D:10     | HP: 9/144 [poisoned by Grum]
 17069 | D:10     | HP: 8/144 [poisoned by Grum]
 17075 | D:10     | HP: 8/144 [poisoned by Grum]
 17083 | D:10     | HP: 9/144 [poisoned by Grum]
 18135 | D:10     | Reached skill level 9 in Transmutations
 18615 | D:10     | Killed Grum
 19004 | D:10     | Reached skill level 7 in Unarmed Combat
 19004 | D:10     | Reached XP level 11. HP: 95/104 MP: 22/22
 19555 | D:11     | Noticed a crystal guardian
 19564 | D:11     | HP: 14/105 [crystal guardian/crystal bolt (54)]
 19565 | D:11     | HP: 4/105 [crystal guardian/crystal bolt (10)]
 19997 | D:11     | Reached skill level 10 in Fighting
 20058 | D:11     | Noticed Psyche
 20062 | D:11     | Noticed Psyche
 20062 | D:11     | Psyche changed into Psyche the gnoll
 20064 | D:11     | Killed Psyche the gnoll
 20395 | D:11     | Noticed a phantasmal warrior
 20397 | D:11     | Killed a phantasmal warrior
 20397 | D:11     | Noticed an orc knight
 20406 | D:11     | HP: 17/105 [orc knight/+3 great mace (24)]
 20407 | D:11     | Slain by an orc knight

Table legend: (Time is in decaauts)
 A = Elapsed time spent in this place.
 B = Non-inter-level travel time spent in this place.
 C = Inter-level travel time spent in this place.
 D = Time resting spent in this place.
 E = Time spent auto-exploring this place.
 F = Levels seen in this place.
 G = Mean time per level.
                   A        B        C        D        E       F      G
               +--------+--------+--------+--------+--------+-----+--------+
         Total |  20394 |  19768 |    626 |   9873 |   7276 |  12 | 1699.5 |
       Dungeon |  20367 |  19753 |    614 |   9873 |   7268 |  11 | 1851.5 |
        Temple |     26 |     14 |     12 |      0 |      8 |   1 |   26.0 |
               +--------+--------+--------+--------+--------+-----+--------+

Top non-repeatable levels by time:
     D:5: 3370 daAuts
     D:7: 2513 daAuts
     D:4: 2168 daAuts
    D:10: 1915 daAuts
     D:9: 1679 daAuts
     D:1: 1678 daAuts
     D:3: 1615 daAuts
     D:8: 1576 daAuts
    D:11: 1403 daAuts
     D:6: 1235 daAuts
     D:2: 1210 daAuts
  Temple: 26 daAuts

Table legend:
 A = Kills in this place as a percentage of kills in entire the game.
 B = Kills by you in this place as a percentage of kills by you in the entire game.
 C = Kills by friends in this place as a percentage of kills by friends in the entire game.
 D = Other kills in this place as a percentage of other kills in the entire game.
 E = Experience gained in this place as a percentage of experience gained in the entire game.
 F = Experience gained in this place divided by the number of levels of this place that you have seen.
                   A       B       C       D       E      F
               +-------+-------+-------+-------+-------+----------------------
         Total | 100.0 | 100.0 |   N/A |   N/A | 100.0 | 919.9
       Dungeon | 100.0 | 100.0 |   N/A |   N/A | 100.0 | 1003.5
               +-------+-------+-------+-------+-------+----------------------

Action                   |  1- 3 |  4- 6 |  7- 9 | 10-12 || total
-------------------------+-------+-------+-------+-------++-------
Melee: Unarmed           |   136 |   184 |   369 |   208 ||   897
       Kick              |    18 |       |       |       ||    18
       Headbutt          |    10 |       |       |       ||    10
       Punch             |     2 |     1 |       |     4 ||     7
Throw: Stone             |    10 |       |    17 |     9 ||    36
 Cast: Beastly Appendage |    27 |     1 |       |       ||    28
       Spider Form       |       |    32 |    35 |       ||    67
       Ice Form          |       |       |    20 |       ||    20
       Blade Hands       |       |       |     2 |    47 ||    49
       Wereblood         |       |       |     1 |       ||     1
Invok: Stomp             |       |       |     2 |       ||     2
Evoke: Wand              |       |       |       |     5 ||     5
  Use: Potion            |       |     3 |       |     4 ||     7
       Scroll            |       |       |     8 |    12 ||    20
 Stab: Paralysed         |       |       |     2 |     7 ||     9
       Sleeping          |       |       |       |     1 ||     1
Armor: Robe              |    65 |    13 |     7 |       ||    85
       Skin              |       |    12 |    50 |       ||    62
       Animal skin       |       |       |    32 |    74 ||   106
Dodge: Dodged            |    99 |   141 |   295 |   128 ||   663

Vanquished Creatures
  A phantasmal warrior (D:11)
  A troll (D:9)
  3 polar bears
  3 yaks
  A wyvern (D:9)
  Grum (D:10)
  A wraith (D:11)
  Menkaure (D:6)
  An acid dragon (D:11)
  A water moccasin (D:10)
  Duvessa (D:6)
  A black bear (D:9)
  3 ice beasts
  An orc warrior (D:11)
  3 sky beasts
  4 phantoms
  3 wolves (D:10)
  5 centaurs
  A necrophage (D:9)
  4 ogres
  A big kobold (D:8)
  4 bullfrogs
  Dowan (D:6)
  2 scorpions
  6 killer bees
  9 wights
  An electric eel (D:9)
  A howler monkey (D:5)
  A crimson imp (D:5)
  A centaur zombie (D:9)
  A jelly (D:7)
  A quasit (D:8)
  8 orc priests
  2 bullfrog skeletons
  12 hounds
  2 iguanas
  11 orc wizards
  11 worker ants
  A centaur simulacrum (D:9)
  A hound zombie (D:7)
  3 hound skeletons
  A howler monkey zombie (D:7)
  2 gnolls
  A howler monkey skeleton (D:11)
  9 adders
  A hound simulacrum (D:9)
  4 white imps
  3 ufetubi
  2 adder skeletons
  3 adder zombies
  2 worms
  A dart slug (D:4)
  4 leopard geckos
  35 orcs
  A ball python (D:2)
  7 giant cockroaches
  6 goblins
  5 hobgoblins
  22 jackals
  4 quokkas
  9 bats
  4 frilled lizards
  14 kobolds
  A leopard gecko skeleton (D:4)
  A quokka zombie (D:9)
  5 rats
267 creatures vanquished.

Vanquished Creatures (others)
  A fungus (D:6)
  A plant (D:6)
2 creatures vanquished.

Grand Total: 269 creatures vanquished You could see an orc knight.

Levels and vault maps discovered:
D:1:      lightli_arrival_boilingwater, layout_rooms, palyth_stone_intersect
D:2:      layout_loops_ring
D:3:      layout_rooms, hangedman_decor_slide_cut, minmay_goblin_kobold_house
D:4:      minmay_wonky_spiral, layout_basic
D:5:      layout_rooms, makhleb_heckhound_becter, minmay_fire_ice_demons
D:6:      layout_basic, nicolae_ru_the_path_less_chosen, general_overflow_altar,
          minmay_guarded_unrand_staff_of_olgreb, uniq_menkaure, uniq_duvessa
D:7:      layout_basic, gammafunk_temple_overflow_statue,
          minmay_temple_entry_mist, chequers_serial_rivers_small_b
D:8:      layout_gridville, nicolae_overflow_hidden_temple, lair_entry_dummy,
          okawaru_metal_pillars_3, uniq_gastronok
D:9:      layout_cross, serial_ice, serial_ice_h, serial_ice_b, serial_ice_n,
          serial_ice_l, serial_ice_c, serial_ice_g
D:10:     layout_loops_cross, uniq_grum
D:11:     minmay_chopped_fan, layout_loops_corners,
          kennysheep_orc_monster_closet_entryway, uniq_psyche
Temple:   regret_index_temple_sphere_string
